 Dungeon Crawl Stone Soup version 0.32-a0-975-g85d4e5bfdb (webtiles) character file.

Game seed: 4263524603552041222

2427 Maxmaps the Covered (level 9, -11/68 HPs)
             Began as a Demonspawn Shapeshifter on Apr 19, 2024.
             Was an Initiate of Gozag.
             Mangled by a two-headed ogre
             ... wielding a +0 giant spiked club
              (26 damage)
             ... on level 6 of the Dungeon.
             The game lasted 00:10:20 (8761 turns).

Maxmaps the Covered (Demonspawn Shapeshifter)       Turns: 8761, Time: 00:10:21

Health: -11/68     AC:  7    Str: 14    XL:     9   Next: 24%
Magic:  9/9        EV:  8    Int: 15    God:    Gozag
Gold:   341        SH:  0    Dex: 13    Spells: 8/8 levels left

rFire   . . .        A - +2 dagger (elec)
rCold   . . .        (no shield)
rNeg    . . .        i - +0 scale mail
rPois   +            (helmet currently unavailable)
rElec   .            (cloak currently unavailable)
rCorr   .            (gloves currently unavailable)
SInv    +            (boots currently unavailable)
Will    .....        (no amulet) Stlth
                     j - ring of see invisible
HPRegen 0.31/turn    r - ring of poison resistance
MPRegen 0.11/turn

%: no passive effects
@: beast-form, gold aura
A: beast (slay +3), horns 1, foul stench 2, powered by pain 1
a: Begin Untransformation, Renounce Religion, Potion Petition, Call Merchant,
Bribe Branch


You were on level 6 of the Dungeon.
You worshipped Gozag.
Gozag was aware of your devotion.
You were a hulking beast.
You visited 2 branches of the dungeon, and saw 8 of its levels.

You collected 421 gold pieces.
You paid 80 gold pieces to Gozag.

Inventory:

Hand Weapons
 A - a +2 dagger of electrocution (weapon)
Missiles
 v - 2 throwing nets (quivered)
Armour
 i - a +0 scale mail (worn)
 p - a +0 cloak
 x - a +0 pair of boots
Jewellery
 j - a ring of see invisible (left hand)
 r - a ring of poison resistance (right hand)
 t - the ring "Gairgho" {Fly rF+++ Will+ Int-3 Dex-5}
   (You found it on level 4 of the Dungeon)

   [ring of willpower]

   Int-3:     It affects your intelligence (-3).
   Dex-5:     It affects your dexterity (-5).
   rF+++:     It renders you almost immune to fire.
   Will+:     It increases your willpower.
   Fly:       It grants you flight.
Talismans
 c - a beast talisman (active)
 d - a flux talisman
 z - a serpent talisman
Scrolls
 a - 2 scrolls of blinking
 b - 2 scrolls of enchant armour {unknown}
 f - a scroll of fog {unknown}
 g - a scroll of enchant weapon {unknown}
 k - a scroll of poison
 l - 5 scrolls of identify
 o - 2 scrolls of immolation {unknown}
 q - 2 scrolls of fear
 s - a scroll of revelation {unknown}
 y - a scroll of amnesia {unknown}
 C - a scroll of noise {unknown}
Potions
 e - 2 potions of cancellation
 h - a potion of magic
 m - a potion of enlightenment
 n - a potion of brilliance
 u - a potion of lignification
 w - a potion of curing
 B - a potion of might {unknown}
 D - a potion of haste {unknown}


   Skills:
 - Level 5.1 Fighting
 + Level 4.0 Short Blades
 - Level 7.1 Armour
 - Level 1.7 Dodging
 - Level 2.6 Unarmed Combat
 - Level 6.3 Shapeshifting


You had 8 spell levels left.
You didn't know any spells.
Your spell library contained the following spells:

 Spells                   Type           Power      Damage    Failure   Level
 Apportation              Tloc           0%         N/A       67%         1
 Kiss of Death            Conj/Necr      0%         2d5       67%         1
 Necrotise                Necr           0%         1d4       67%         1
 Sandblast                Erth           0%         2d4       67%         1
 Sting                    Conj/Alch      0%         1d3       67%         1
 Summon Small Mammal      Summ           0%         N/A       67%         1
 Cigotuvi's Dreadful Rot  Necr/Alch/Air  0%         N/A       82%         2
 Lesser Beckoning         Tloc           0%         N/A       82%         2
 Confusing Touch          Hex            0%         N/A       96%         3
 Maxwell's Portable Pile  Tloc           0%         2d(5-13)  96%         3
 Passwall                 Erth           0%         N/A       96%         3
 Stone Arrow              Conj/Erth      0%         3d7       96%         3
 Teleport Other           Tloc           0%         N/A       96%         3
 Tukima's Dance           Hex            0%         N/A       96%         3
 Dimensional Bullseye     Hex/Tloc       0%         N/A       100%        4
 Dispel Undead            Necr           0%         3d6       100%        4
 Ignite Poison            Fire/Alch      0%         N/A       100%        4
 Iskenderun's Mystic Bla Conj/Tloc 0%             2d3        (+2d1     100%        4
 Freezing Cloud           Conj/Ice/Air   0%         6-21      100%        5


Dungeon Overview and Level Annotations

Branches:
Dungeon (7/15)             Temple (1/1) D:5

Altars:
Ashenzari
Cheibriados
Gozag
Hepliaklqana
Kikubaaqudgha
Nemelex Xobeh
Okawaru
Ru
Sif Muna
Trog
Uskayaw
Vehumet
Wu Jian
Xom
Yredelemnul

Shops:
D:1 :   D:2 *   D:6 (


Innate Abilities, Weirdness & Mutations

You are a hulking beast.
Your limbs bulge with bestial killing power. (Slay +3)
You have a pair of small horns on your head.
You sometimes emit foul miasma when damaged in melee.
You sometimes gain a little power by taking damage.


Message History

The orc hits you but does no damage. The two-headed ogre barely misses you.
The two-headed ogre hits you with a +0 giant club!
You climb upwards.
There is a stone staircase leading down, spattered with blood here.
You hit the two-headed ogre.
Lightning courses through the two-headed ogre!
You headbutt the two-headed ogre.
The two-headed ogre is moderately wounded.
The orc hits you with a +0 flail.
You emit a cloud of foul miasma!
The orc closely misses you.
The two-headed ogre closely misses you. x2
The orc is engulfed in dark miasma.
The orc is poisoned.
The orc seems to slow down.
You kill the orc!
The orc is distracted by your dazzling golden aura.
The orc shouts!
You hit the two-headed ogre.
You headbutt the two-headed ogre, but do no damage.
The two-headed ogre is moderately wounded.
The orc is no longer distracted by gold.
The two-headed ogre is distracted by your dazzling golden aura.
The orc hits you but does no damage.
The two-headed ogre shouts in stereo!
You puncture the two-headed ogre!
Lightning courses through the two-headed ogre!
The two-headed ogre is no longer distracted by gold.
The two-headed ogre is severely wounded.
The two-headed ogre barely misses you.
The two-headed ogre hits you with a +0 giant club!
The orc is distracted by your dazzling golden aura.
You hit the two-headed ogre.
The two-headed ogre is severely wounded.
The orc is no longer distracted by gold.
You hit the two-headed ogre.
The two-headed ogre is severely wounded.
The orc is distracted by your dazzling golden aura.
The two-headed ogre hits you with a +0 giant spiked club!
* * * LOW HITPOINT WARNING * * *
The two-headed ogre hits you with a +0 giant club!!
You die...
Your body crumbles into a pile of gold.

##..#................#
#..#.............%..#
#...................#
##..................#
#.>...............##
###.......##.....##
#.☼########...##
##########>...##.......##
#........ohO#....####...###
#)..........##.### #.#.:.#
#...............### #.###..
#..........#......###.# ##.
#..........#....#...#.####.
#..........#..#............
######.###..#.#...##.#.###.
#..###.......##......) ##.#
###.#.........##.


You could see a two-headed ogre and an orc (unaware).

Vanquished Creatures
  Grinder (D:3)
  Duvessa (D:6)
  4 water moccasins
  An ice beast (D:4)
  2 black bears
  An ogre (D:6)
  2 phantoms
  A bullfrog (D:6)
  3 scorpions
  Dowan (D:6)
  A howler monkey (D:4)
  A bombardier beetle (D:5)
  A centaur zombie (D:7)
  2 jellies
  An orc priest (D:3)
  3 hounds (D:6)
  Crazy Yiuf (D:2)
  Jessica (D:3)
  Natasha (thrice) (D:2)
  An iguana (D:5)
  5 orc wizards
  Robin (D:1)
  11 adders
  10 gnolls
  A shadow imp (D:5)
  6 ufetubi
  2 dart slugs
  2 ribbon worms (D:2)
  19 orcs
  7 endoplasms
  3 giant cockroaches
  13 goblins
  9 hobgoblins
  2 jackals (D:2)
  5 quokkas
  9 ball pythons
  11 bats
  4 frilled lizards
  6 kobolds
  6 rats
164 creatures vanquished.

Notes
Turn   | Place    | Note
-------+----------+-------------------------------------------
     0 | D:1      | Maxmaps the Demonspawn Shapeshifter began the quest for the
                  | Orb.
     0 | D:1      | Reached XP level 1. HP: 15/15 MP: 1/1
   167 | D:1      | Gained mutation: You may rarely emit foul miasma when
                  | damaged in melee. [demonic ancestry]
   167 | D:1      | Reached XP level 2. HP: 18/22 MP: 2/2
   320 | D:1      | Found Agilinn's Book Shop.
   581 | D:1      | Found a faded altar of an unknown god.
   635 | D:2      | Reached XP level 3. HP: 3/29 MP: 3/3
   636 | D:2      | HP: 2/43 [poisoned by an adder]
   774 | D:1      | Reached XP level 4. HP: 8/37 MP: 4/4
   921 | D:2      | Found Nosedghag's Assorted Antiques.
  1096 | D:2      | Noticed Robin
  1202 | D:1      | HP: 1/37 [goblin/+0 club[Robin] (5)]
  1576 | D:1      | Killed Robin
  1853 | D:2      | Noticed Natasha
  1867 | D:2      | Killed Natasha
  1868 | D:2      | Gained mutation: You sometimes emit foul miasma when
                  | damaged in melee. [demonic ancestry]
  1868 | D:2      | Reached XP level 5. HP: 18/43 MP: 5/5
  1986 | D:2      | Reached skill level 5 in Fighting
  2006 | D:2      | Noticed Natasha
  2018 | D:2      | Killed Natasha
  2019 | D:2      | Reached skill level 1 in Armour
  2149 | D:2      | Found a runed translucent door.
  2150 | D:2      | Noticed Crazy Yiuf
  2176 | D:2      | Noticed Natasha
  2188 | D:2      | Killed Natasha
  2463 | D:2      | Killed Crazy Yiuf
  2464 | D:2      | Reached skill level 2 in Armour
  2805 | D:3      | Reached XP level 6. HP: 18/51 MP: 6/6
  2985 | D:3      | Noticed Jessica
  2998 | D:3      | Killed Jessica
  2999 | D:3      | Reached skill level 3 in Armour
  3382 | D:3      | Noticed Grinder
  3394 | D:3      | Paralysed by Grinder for 2 turns
  3397 | D:3      | Killed Grinder
  3398 | D:3      | Reached skill level 4 in Armour
  3398 | D:3      | Gained mutation: You sometimes gain a little power by
                  | taking damage. [demonic ancestry]
  3398 | D:3      | Reached XP level 7. HP: 48/56 MP: 7/7
  3795 | D:4      | Reached skill level 5 in Armour
  4617 | D:4      | Identified the ring "Gairgho" {Fly rF+++ Will+ Int-3 Dex-5}
  5036 | D:4      | Found a shimmering blue altar of Sif Muna.
  5057 | D:4      | Reached skill level 6 in Armour
  5109 | D:4      | Found an ancient bone altar of Kikubaaqudgha.
  5117 | D:4      | Found a radiant altar of Vehumet.
  5184 | D:4      | Found a shimmering altar of Xom.
  5351 | D:5      | Entered Level 5 of the Dungeon
  5490 | D:4      | Reached skill level 7 in Armour
  5490 | D:4      | Reached XP level 8. HP: 22/62 MP: 8/8
  6773 | D:5      | Identified the +1 hand axe "Idomuw" {antimagic, rF+ Str+5}
  6783 | D:5      | Found a staircase to the Ecumenical Temple.
  6887 | Temple   | Entered the Ecumenical Temple
  6925 | Temple   | Became a worshipper of Gozag Ym Sagoz the Greedy
  7011 | D:5      | Reached skill level 5 in Shapeshifting
  7268 | D:6      | Noticed Dowan
  7311 | D:6      | Killed Dowan
  7420 | D:6      | Found a basalt altar of Yredelemnul.
  7470 | D:6      | Found Abbeck's Antique Weapon Shoppe.
  7905 | D:6      | Noticed Duvessa
  7913 | D:6      | Killed Duvessa
  7914 | D:6      | Reached skill level 1 in Short Blades
  7914 | D:6      | Gained mutation: You have a pair of small horns on your
                  | head. [demonic ancestry]
  7914 | D:6      | Reached XP level 9. HP: 28/68 MP: 9/9
  8742 | D:7      | Noticed a two-headed ogre
  8761 | D:6      | Mangled by a two-headed ogre

Illustrated notes

Levels and vault maps discovered:
D:1:      heliophobic_arrival_glass_houses, layout_rooms, serial_shops, shop,
          ebering_ecumenical_altar_sacrificial
D:2:      layout_basic, serial_shops, nicolae_shop_peninsula, basic_altar,
          minmay_circle_x, uniq_robin, uniq_crazy_yiuf_cottage, uniq_natasha
D:3:      layout_basic, nicolae_figureground_pulse, uniq_grinder, uniq_jessica
D:4:      layout_gridville, xom_teletrap_fun, palyth_temple_overflow_mages,
          corexii_corridor_pit, corexii_item_surrounded_by_moat
D:5:      cheibrodos_quashed, layout_rooms, temple_hall,
          chequers_serial_rivers_small_b
D:6:      layout_rooms, nicolae_overflow_crystal_walls, serial_shops,
          nicolae_shop_advertising_works [nicolae_subvault_shop_adworks],
          minivault_1, uniq_duvessa
D:7:      bobbens_index_wilting_gardens, layout_rooms, serial_shops, shop,
          enter_bailey_5, uniq_maggie
Temple:   minmay_temple_bridge_abc

Skill      XL: |  1  2  3  4  5  6  7  8  9 |
---------------+----------------------------+-----
Fighting       | 2 3 4 5 |  5.1
Armour         | 2 4 7 |  7.1
Shapeshifting  | 6 |  6.3
Short Blades   | 1 4 |  4.0
Dodging        | |  1.7
Unarmed Combat | |  2.6

Action                     |  1- 3 |  4- 6 |  7- 9 || total
---------------------------+-------+-------+-------++-------
  Melee: Unarmed           |    73 |   230 |   380 ||   683
         Punch             |     1 |     5 |     7 ||    13
         Dagger            |       |       |    58 ||    58
         Headbutt          |       |       |    13 ||    13
    Use: Potion            |     1 |     9 |     2 ||    12
         Scroll            |       |     4 |       ||     4
   Stab: Sleeping          |     2 |       |       ||     2
 Armour: Animal skin       |    60 |    69 |       ||   129
         Skin              |     4 |     5 |       ||     9
         Scale mail        |       |   121 |   434 ||   555
  Dodge: Dodged            |    53 |   133 |   289 ||   475

Table legend: (Time is in decaauts)
 A = Elapsed time spent in this place.
 B = Non-inter-level travel time spent in this place.
 C = Inter-level travel time spent in this place.
 D = Time resting spent in this place.
 E = Time spent auto-exploring this place.
 F = Levels seen in this place.
 G = Mean time per level.
                   A        B        C        D        E       F      G
               +--------+--------+--------+--------+--------+-----+--------+
         Total |   8739 |   8195 |    544 |   2640 |   4207 |   8 | 1092.4 |
       Dungeon |   8666 |   8193 |    473 |   2640 |   4207 |   7 | 1238.0 |
        Temple |     72 |      1 |     71 |      0 |      0 |   1 |   72.0 |
               +--------+--------+--------+--------+--------+-----+--------+

Top non-repeatable levels by time:
     D:4: 2118 daAuts
     D:5: 1502 daAuts
     D:2: 1357 daAuts
     D:1: 1265 daAuts
     D:6: 1256 daAuts
     D:3: 1147 daAuts
  Temple: 72 daAuts
     D:7: 19 daAuts
